 Dungeon Crawl Stone Soup version 0.21-a0-41-g5e91fef (webtiles) character file.

112 tilp the Firebug (level 4, -8/33 HPs)
             Began as a Draconian Fire Elementalist on June 3, 2017.
             Killed by divine providence
             ... invoked by an orc priest
              (15 damage)
             ... on level 3 of the Dungeon.
             The game lasted 00:09:53 (3133 turns).

tilp the Firebug (Draconian Fire Elementalist)      Turns: 3133, Time: 00:09:54

Health: -8/33      AC:  5    Str: 10    XL:     4   Next: 63%
Magic:  8/8        EV: 12    Int: 17    God:
Gold:   152        SH:  0    Dex: 11    Spells: 3/9 levels left

rFire    . . .     SeeInvis .   e - +0 short sword
rCold    . . .     Gourm    .   (no shield)
rNeg     . . .     Faith    .   (armour unavailable)
rPois    .         Spirit   .   (helmet restricted)
rElec    .         Reflect  .   (no cloak)
rCorr    .         Harm     .   (no gloves)
MR       .....                  (no boots)
Stlth    ++........             (no amulet)
Regen    0.2/turn               (no ring)
MPRegen  0.2/turn               (no ring)

@: no status effects
A: unfitting armour, cold-blooded, AC +5
a: no special abilities


You were on level 3 of the Dungeon.
You were not hungry.

You visited 1 branch of the dungeon, and saw 3 of its levels.

You collected 152 gold pieces.

Inventory:

Hand Weapons
 e - a +0 short sword (weapon)
 p - a +2 flail of holy wrath
Jewellery
 o - an uncursed ring of poison resistance {unknown}
Scrolls
 f - a scroll of magic mapping {unknown}
 j - a scroll of noise {unknown}
 l - 3 scrolls of identify {unknown}
Potions
 d - a potion of degeneration {unknown}
 g - a potion of curing {unknown}
 h - 2 potions of heal wounds {unknown}
 i - a potion of ambrosia {unknown}
 k - a potion of brilliance {unknown}
 m - a potion of berserk rage {unknown}
 n - a potion of lignification {unknown}
Books
 a - a book of Flames

   Spells                             Type                      Level
   a - Flame Tongue                   Conjuration/Fire             1
   b - Throw Flame                    Conjuration/Fire             2
   c - Conjure Flame                  Conjuration/Fire             3
   d - Inner Flame                    Hexes/Fire                   3
   e - Sticky Flame                   Conjuration/Fire             4
   f - Fireball                       Conjuration/Fire             5
Comestibles
 b - a bread ration
 c - 4 fruits
 q - a chunk of flesh


   Skills:
 * Level 2.8 Short Blades
 - Level 1.7 Dodging
 - Level 1.7 Stealth
 * Level 3.0 Spellcasting
 - Level 1.0 Conjurations
 + Level 3.6 Fire Magic


You had 3 spell levels left.
You knew the following spells:

 Your Spells              Type           Power        Failure   Level  Hunger
a - Flame Tongue          Conj/Fire      ##...        7%          1    None
b - Throw Flame           Conj/Fire      ##....       10%         2    ##.....
c - Conjure Flame         Conj/Fire      ##......     21%         3    ###....


Dungeon Overview and Level Annotations

Branches:
Dungeon (3/15)

Altars:
Wu Jian
Zin


Innate Abilities, Weirdness & Mutations

Your plain brown scales are hard. (AC +5)
You cannot fit into any form of body armour.
You are cold-blooded and may be slowed by cold attacks.


Message History

The orc priest shouts!
The gnoll closely misses you.
Casting: Flame Tongue
Confirm with . or Enter, or press ? or * to list all spells.
Aiming: Flame Tongue
Press: ? - help, Shift-Dir - straight line, f - gnoll
Aim: a gnoll, wielding a flail (lightly wounded)
The flame tongue hits the gnoll.
The gnoll is moderately wounded.
The gnoll closely misses you.
The orc priest miscasts a cantrip.
The orc priest begins to cast a cantrip, but forgets the words!
There is a stone staircase leading down here.
You can't go up here!
Unknown command.
The gnoll hits you with a flail!
* * * LOW HITPOINT WARNING * * *
The orc priest mumbles some strange prayers to Beogh against you.
Beogh smites you!
You die...

o#...#.##########
#.##
g........o....o>#
#.#
.#.#..#.#######.#
#.# .#......# #.#
####.# .###..###
#.# #....#
......# #g#
#.#### .####.#
#g# #.# .# #.#
#.#### #.# .. #.#
#.@..# #.# #.
####.# #.# ..
#.#### #.# #.
#....# #.# .#
####.#####.#
#.......#
#########


You could see an orc priest and 2 gnolls.

Vanquished Creatures
  3 gnolls (D:2)
  3 adders
  An ooze (D:1)
  2 dart slugs
  A leopard gecko (D:1)
  3 orcs
  4 bats
  4 giant cockroaches
  2 goblins
  5 hobgoblins
  6 kobolds
  A ball python (D:1)
  2 frilled lizards
  10 rats
47 creatures vanquished.

Notes
Turn   | Place    | Note
-------+----------+-------------------------------------------
     0 | D:1      | tilp the Draconian Fire Elementalist began the quest for the Orb.
     0 | D:1      | Reached XP level 1. HP: 14/14 MP: 3/3
   352 | D:1      | Reached XP level 2. HP: 15/20 MP: 1/5
   435 | D:1      | Learned a level 2 spell: Throw Flame
   735 | D:1      | Reached skill level 1 in Short Blades
  1382 | D:1      | Reached XP level 3. HP: 11/26 MP: 4/6
  1927 | D:2      | Found an ornate altar of the Wu Jian Council.
  2202 | D:2      | Found a glowing silver altar of Zin.
  2538 | D:2      | Reached XP level 4. HP: 21/33 MP: 0/8
  3100 | D:3      | Learned a level 3 spell: Conjure Flame
  3133 | D:3      | Killed from afar by an orc priest

Vault maps used:
D:1:      dpeg_arrival_castle, minmay_misc_feat_columns, st_stairs_9
D:2:      lemuel_round_altar, lemuel_crystal_altar
D:3:      lemuel_crystal_altar, uniq_ijyb

Skill      XL: |  1  2  3  4 |
---------------+-------------+-----
Short Blades   | 1 2 |  2.8
Spellcasting   | 3 |  3.0
Dodging        | |  1.7
Stealth        | |  1.7
Conjurations   | |  1.0
Fire Magic     | |  3.6

Action                   |  1- 3 |  4- 6 || total
-------------------------+-------+-------++-------
Melee: Dagger            |   150 |       ||   150
       Tailslap          |    15 |     2 ||    17
       Short sword       |    42 |    19 ||    61
 Cast: Flame Tongue      |    27 |    12 ||    39
       Throw Flame       |     1 |     4 ||     5
  Use: Scroll            |     1 |       ||     1
 Stab: Sleeping          |     3 |       ||     3
  Eat: Chunk             |     5 |       ||     5
       Bread ration      |     1 |       ||     1
Armor: Skin              |    52 |     7 ||    59
Dodge: Dodged            |   122 |    18 ||   140
